 Dungeon Crawl Stone Soup version 0.21.0-34-g9234887 (webtiles) character file.

2318 tidbits the Insei (level 9, -4/68 HPs)
             Began as a Gnoll Transmuter on Jan 29, 2018.
             Was a Follower of Cheibriados.
             Impaled on a porcupine's spines (16 damage)
             ... on level 8 of the Dungeon.
             The game lasted 00:19:27 (2148 turns).

tidbits the Insei (Gnoll Transmuter)                Turns: 2148, Time: 00:19:28

Health: -4/68      AC:  2    Str: 16    XL:     9   Next: 41%
Magic:  13/18      EV: 27    Int: 21    God:    Cheibriados [*.....]
Gold:   177        SH:  0    Dex: 24    Spells: 6/21 levels left

rFire    . . .     SeeInvis .     - Unarmed
rCold    . . .     Gourm    .   (shield currently unavailable)
rNeg     . . .     Faith    .   (armour currently unavailable)
rPois    x         Spirit   .   (helmet currently unavailable)
rElec    .         Reflect  .   (cloak currently unavailable)
rCorr    .         Harm     .   (gloves currently unavailable)
MR       .....                  (boots currently unavailable)
Stlth    +++.......             (no amulet)
HPRegen  0.21/turn              W - ring of wizardry
MPRegen  0.16/turn              (no ring)

@: spider-form (expiring), very slow
A: tiny, distributed training, strong nose
a: End Transformation, Bend Time, Renounce Religion


You were on level 8 of the Dungeon.
You worshipped Cheibriados.
Cheibriados was aware of your devotion.
You were not hungry.
You were a venomous arachnid creature.
You visited 1 branch of the dungeon, and saw 8 of its levels.
You also visited: Ossuary.

You collected 221 gold pieces.
You spent 44 gold pieces at shops.

Inventory:

Hand Weapons
 d - a +0 dagger (melded)
 e - a +0 shortbow
 j - a +0 short sword
 l - a +0 hunting sling
 u - a +2 flail of protection
   (You took it off Edmund on level 5 of the Dungeon)
Missiles
 g - 30 bolts
 m - 52 stones
 o - 11 arrows
 r - 5 tomahawks
 s - 2 javelins (quivered)
Armour
 q - a +0 ring mail
 y - a cursed -2 leather armour (melded)
 B - a +0 robe
 E - a +2 helmet (melded)
 G - a +1 pair of gloves (melded)
 J - a cursed +0 shield
 K - a +2 hat
Magical Staves
 H - an uncursed staff of conjuration {unknown}
   (You found it on level 7 of the Dungeon)
Jewellery
 W - a ring of wizardry (left front leg)
   (You found it on level 1 of the Dungeon)
Wands
 p - a wand of flame (23)
 L - a wand of enslavement (10)
Scrolls
 a - 3 scrolls of blinking
 b - 3 scrolls of amnesia
 f - a scroll of enchant armour
 i - a scroll of enchant weapon
 t - 2 scrolls of teleportation
 A - a scroll of vulnerability
 I - a scroll of holy word {unknown}
Potions
 h - 3 potions of brilliance
 n - a potion of curing
 v - 4 potions of haste
 w - a potion of heal wounds {unknown}
 x - a potion of agility
 z - a potion of resistance {unknown}
 C - a potion of flight {unknown}
 D - 2 potions of lignification
 F - a potion of might {unknown}
Books
 k - a book of Changes

   Spells                             Type                      Level
   a - Beastly Appendage              Transmutation                1
   b - Sticks to Snakes               Transmutation                2
   c - Spider Form                    Transmutation/Poison         3
   d - Ice Form                       Ice/Transmutation            4
   e - Blade Hands                    Transmutation                5
Comestibles
 c - a ration


   Skills:
 + Level 5.0 Fighting
 + Level 4.1 Short Blades
 + Level 4.1 Long Blades
 + Level 4.1 Axes
 + Level 4.1 Maces & Flails
 + Level 4.1 Polearms
 + Level 4.1 Staves
 + Level 4.1 Slings
 + Level 4.1 Bows
 + Level 4.1 Crossbows
 + Level 4.1 Throwing
 + Level 4.1 Armour
 + Level 6.2 Dodging
 + Level 4.1 Stealth
 + Level 4.1 Shields
 + Level 7.8 Unarmed Combat
 + Level 6.6 Spellcasting
 + Level 3.4 Conjurations
 + Level 3.4 Hexes
 + Level 3.4 Charms
 + Level 3.4 Summonings
 + Level 3.4 Necromancy
 + Level 3.4 Translocations
 + Level 5.2 Transmutations
 + Level 3.4 Fire Magic
 + Level 3.4 Ice Magic
 + Level 3.4 Air Magic
 + Level 3.4 Earth Magic
 + Level 3.4 Poison Magic
 + Level 4.5 Invocations
 + Level 4.1 Evocations


You had 6 spell levels left.
You knew the following spells:

 Your Spells              Type           Power        Failure   Level  Hunger
e - Beastly Appendage     Tmut           ####..       2%          1    None
h - Blade Hands           Tmut           ####......   24%         5    #####..
i - Ice Form              Ice/Tmut       ####....     14%         4    ###....
k - Sticks to Snakes      Tmut           ####....     2%          2    None
p - Spider Form           Tmut/Pois      ####......   6%          3    #......


Dungeon Overview and Level Annotations

Branches:
Dungeon (8/15)               Lair (0/6) D:8
 Temple: D:4-7

Altars:
Cheibriados
Fedhas
Qazlal
Vehumet
Yredelemnul
Zin

Shops:
D:4 *

Annotations:
D:4 Menkaure, Pikel


Innate Abilities, Weirdness & Mutations

Your experience applies equally to all skills.
((You have very sharp teeth.))
Your uncanny sense of smell can sniff out nearby items.


Message History

Your ball python loses its grip on the plant.
The leopard gecko bites the plant but does no damage.
The porcupine bites the plant. x2
You hit the black bear but do no damage.
The black bear looks as sick as possible!
The black bear is heavily wounded.
Your ball python bites the fungus.
Your ball python constricts the fungus.
Your ball python bites the fungus but does no damage.
Your ball python grabs the fungus.
Your ball python constricts the fungus.
Your adder bites the fungus.
The black bear completely misses you. The black bear misses you.
The black bear claws you.
The adder skeleton bites the plant but does no damage.
The leopard gecko bites the plant but does no damage.
The porcupine twitches its whiskers.
The porcupine bites the plant.
You bite the black bear!
You kill the black bear!
Cheibriados appreciates the change of pace.
Your ball python constricts the fungus.
Your ball python loses its grip on the fungus.
The adder skeleton bites the plant but does no damage.
The leopard gecko bites the plant.
Your ball python constricts the fungus.
The porcupine bites the fungus.
Your transformation is almost over.
Your ball python loses its grip on the fungus.
The adder skeleton bites the plant but does no damage.
Your adder completely misses the porcupine.
The leopard gecko bites the plant but does no damage.
Your ball python bites the plant but does no damage.
Your ball python grabs the plant.
Your ball python constricts the plant.
The adder skeleton completely misses the plant.
You see here a black bear corpse.
Unknown command.
You bite the porcupine!
The porcupine is poisoned.
The porcupine is heavily wounded.
The leopard gecko misses your adder. The porcupine misses you.
Your adder is struck by the porcupine's spines.
Your adder dies!
Your ball python bites the plant but does no damage.
Your ball python constricts the plant.
You hit the porcupine but do no damage.
The porcupine looks as sick as possible!
The porcupine is heavily wounded.
Your ball python loses its grip on the plant.
Your ball python withers and dies!
The adder skeleton bites the plant.
The porcupine barely misses you.
The leopard gecko completely misses you.
Your ball python is struck by the porcupine's spines.
Your ball python dies!
You bite the porcupine!
You kill the porcupine!
Cheibriados appreciates the change of pace.
Your Fighting skill increases to level 5!
Your adder withers and dies!
The adder skeleton bites the plant.
The leopard gecko completely misses you.
The bullfrog misses you.
Casting: Sticks to Snakes
Confirm with . or Enter, or press ? or * to list all spells.
You create a snake!
You now have 13 arrows.
The adder skeleton bites the plant but does no damage.
The porcupine closely misses you. The leopard gecko misses you.
The bullfrog closely misses you.
The adder skeleton bites the plant but does no damage.
Casting: Sticks to Snakes
Confirm with . or Enter, or press ? or * to list all spells.
You create 2 snakes!
You now have 11 arrows.
The bullfrog misses you.
The leopard gecko completely misses you.
The porcupine barely misses you.
Your adder barely misses the leopard gecko.
The adder skeleton bites the plant but does no damage.
The bullfrog closely misses you. The porcupine completely misses you.
The leopard gecko bites you.
You are struck by the porcupine's spines.
* * * LOW HITPOINT WARNING * * *
You hit the porcupine.
The porcupine is poisoned.
The porcupine is moderately wounded.
The leopard gecko bites your ball python.
Your adder misses the leopard gecko. The bullfrog completely misses you.
The leopard gecko completely misses you.
Your ball python barely misses the bullfrog. x2
Your adder barely misses the porcupine.
The porcupine completely misses you.
The adder skeleton bites the plant.
A black bear comes into view.
You are struck by the porcupine's spines.
* * * LOW HITPOINT WARNING * * *
You barely miss the porcupine.
The porcupine is heavily wounded.
The leopard gecko closely misses your ball python.
The bullfrog releases a deep croak.
The bullfrog misses you.
Your adder barely misses the leopard gecko.
Your ball python bites the bullfrog.
Your ball python grabs the bullfrog.
Your ball python constricts the bullfrog.
Your adder bites the porcupine.
The porcupine bites you!
* * * LOW HITPOINT WARNING * * *
The leopard gecko bites you but does no damage.
The adder skeleton bites the fungus.
You are struck by the porcupine's spines.
You die...

.# #######.#
##+####..P.P..##
##...#P...P.....##
##.......P.....P...
##...†..).P.PP...P..
#.<..†.P.lS.PPPP....
+....†...PPFPPP.P.PP
#.......PPP†s.PPPP..


##.....PPP.rPlPPPPP. ##..PP.PP.S.PSPP... ##.P....PP..PP.PP. ##...PPPP>PP.PPP.
#.PP..PP.PPPPP.. ....PPP.P..PZ.P. P.PhPP..PP.PPP. You could see a black bear, a
bullfrog, a porcupine, 2 leopard geckos, an adder skeleton, 2 friendly adders
and a friendly ball python.

Vanquished Creatures
  A porcupine (D:8)
  2 black bears (D:8)
  An ice beast (D:7)
  2 sky beasts (D:7)
  A slave (D:4)
  A phantom (D:4)
  An ogre (D:7)
  2 centaurs (D:5)
  4 bullfrogs
  9 water moccasin zombies (Ossuary)
  A scorpion (D:6)
  A centaur zombie (D:6)
  A bullfrog skeleton (D:5)
  A hound (D:5)
  A centaur skeleton (D:6)
  An iguana (D:6)
  An orc wizard (D:5)
  5 worker ants
  2 big kobold zombies (Ossuary)
  2 mummies (Ossuary)
  6 adders
  A shadow imp (D:5)
  An ooze (D:1)
  3 adder zombies
  2 worms
  2 leopard geckos
  16 orcs
  A bat (D:3)
  2 giant cockroaches
  4 goblins
  3 hobgoblins
  2 jackals (D:4)
  A ball python (D:1)
  A frilled lizard (D:1)
  3 gnoll zombies (Ossuary)
  4 hobgoblin zombies (Ossuary)
  A kobold (D:2)
  4 kobold zombies (Ossuary)
  4 orc zombies (Ossuary)
  3 rats
104 creatures vanquished.

Vanquished Creatures (collateral kills)
  Edmund (D:5)
  An ogre (D:8)
  2 jellies
  A hound skeleton (D:4)
  An adder (D:2)
  A frilled lizard (D:5)
7 creatures vanquished.

Vanquished Creatures (others)
  4 fungi (D:8)
4 creatures vanquished.

Grand Total: 115 creatures vanquished

Notes
Turn   | Place    | Note
-------+----------+-------------------------------------------
     0 | D:1      | tidbits the Gnoll Transmuter began the quest for the Orb.
     0 | D:1      | Reached XP level 1. HP: 17/17 MP: 6/6
    57 | D:1      | Reached XP level 2. HP: 23/23 MP: 7/7
   341 | D:2      | Learned a level 2 spell: Sticks to Snakes
   398 | D:2      | Reached XP level 3. HP: 22/28 MP: 5/9
   412 | D:2      | Learned a level 3 spell: Spider Form
   424 | D:2      | Reached skill level 5 in Spellcasting
   575 | D:2      | Reached skill level 1 in Invocations
   579 | D:2      | Reached skill level 1 in Short Blades
   579 | D:2      | Reached skill level 1 in Long Blades
   579 | D:2      | Reached skill level 1 in Axes
   579 | D:2      | Reached skill level 1 in Maces & Flails
   579 | D:2      | Reached skill level 1 in Polearms
   579 | D:2      | Reached skill level 1 in Staves
   579 | D:2      | Reached skill level 1 in Slings
   579 | D:2      | Reached skill level 1 in Bows
   579 | D:2      | Reached skill level 1 in Crossbows
   579 | D:2      | Reached skill level 1 in Throwing
   579 | D:2      | Reached skill level 1 in Armour
   579 | D:2      | Reached skill level 1 in Stealth
   579 | D:2      | Reached skill level 1 in Shields
   579 | D:2      | Reached skill level 1 in Evocations
   579 | D:2      | Reached XP level 4. HP: 26/34 MP: 3/11
   654 | D:2      | Learned a level 4 spell: Ice Form
   678 | D:4      | Found Fedim's General Store.
   688 | D:4      | Bought a scroll of identify for 22 gold pieces
   688 | D:4      | Bought a scroll of identify for 22 gold pieces
   718 | D:3      | Reached skill level 1 in Conjurations
   718 | D:3      | Reached skill level 1 in Hexes
   718 | D:3      | Reached skill level 1 in Charms
   718 | D:3      | Reached skill level 1 in Summonings
   718 | D:3      | Reached skill level 1 in Necromancy
   718 | D:3      | Reached skill level 1 in Translocations
   718 | D:3      | Reached skill level 1 in Fire Magic
   718 | D:3      | Reached skill level 1 in Ice Magic
   718 | D:3      | Reached skill level 1 in Air Magic
   718 | D:3      | Reached skill level 1 in Earth Magic
   718 | D:3      | Reached skill level 1 in Poison Magic
   761 | D:4      | Noticed a phantom
   778 | D:4      | Killed a phantom
   778 | D:4      | Reached skill level 3 in Fighting
   778 | D:4      | Reached skill level 4 in Transmutations
   778 | D:4      | Reached XP level 5. HP: 29/41 MP: 7/12
   822 | D:4      | Found a basalt altar of Yredelemnul.
   837 | D:4      | Noticed a slave
   837 | D:4      | Noticed a slave
   853 | D:4      | Killed a slave
   858 | D:4      | Noticed a slave
   866 | D:4      | Noticed a slave
   868 | D:4      | Noticed Pikel
   869 | D:5      | Entered Level 5 of the Dungeon
   876 | D:5      | Reached skill level 2 in Invocations
   876 | D:5      | Reached XP level 6. HP: 40/47 MP: 5/13
   888 | D:5      | Found a stormy altar of Qazlal.
   912 | D:5      | Reached skill level 2 in Short Blades
   912 | D:5      | Reached skill level 2 in Long Blades
   912 | D:5      | Reached skill level 2 in Axes
   912 | D:5      | Reached skill level 2 in Maces & Flails
   912 | D:5      | Reached skill level 2 in Polearms
   912 | D:5      | Reached skill level 2 in Staves
   912 | D:5      | Reached skill level 2 in Slings
   912 | D:5      | Reached skill level 2 in Bows
   912 | D:5      | Reached skill level 2 in Crossbows
   912 | D:5      | Reached skill level 2 in Throwing
   912 | D:5      | Reached skill level 2 in Armour
   912 | D:5      | Reached skill level 5 in Dodging
   912 | D:5      | Reached skill level 2 in Stealth
   912 | D:5      | Reached skill level 2 in Shields
   912 | D:5      | Reached skill level 2 in Evocations
   937 | D:5      | Found a blossoming altar of Fedhas.
  1053 | D:4      | Noticed Menkaure
  1115 | D:6      | Reached XP level 7. HP: 37/52 MP: 12/15
  1169 | D:5      | Noticed Edmund
  1170 | D:5      | Found a sand-covered staircase.
  1189 | D:5      | Killed Edmund
  1189 | D:5      | Reached skill level 7 in Unarmed Combat
  1189 | D:5      | Reached skill level 2 in Conjurations
  1189 | D:5      | Reached skill level 2 in Hexes
  1189 | D:5      | Reached skill level 2 in Charms
  1189 | D:5      | Reached skill level 2 in Summonings
  1189 | D:5      | Reached skill level 2 in Necromancy
  1189 | D:5      | Reached skill level 2 in Translocations
  1189 | D:5      | Reached skill level 2 in Fire Magic
  1189 | D:5      | Reached skill level 2 in Ice Magic
  1189 | D:5      | Reached skill level 2 in Air Magic
  1189 | D:5      | Reached skill level 2 in Earth Magic
  1189 | D:5      | Reached skill level 2 in Poison Magic
  1201 | Ossuary  | Entered an ossuary
  1208 | Ossuary  | Learned a level 5 spell: Blade Hands
  1249 | Ossuary  | Reached skill level 3 in Invocations
  1254 | Ossuary  | Reached XP level 8. HP: 19/60 MP: 6/16
  1319 | Ossuary  | Reached skill level 4 in Fighting
  1351 | Ossuary  | Reached skill level 3 in Short Blades
  1351 | Ossuary  | Reached skill level 3 in Long Blades
  1351 | Ossuary  | Reached skill level 3 in Axes
  1351 | Ossuary  | Reached skill level 3 in Maces & Flails
  1351 | Ossuary  | Reached skill level 3 in Polearms
  1351 | Ossuary  | Reached skill level 3 in Staves
  1351 | Ossuary  | Reached skill level 3 in Slings
  1351 | Ossuary  | Reached skill level 3 in Bows
  1351 | Ossuary  | Reached skill level 3 in Crossbows
  1351 | Ossuary  | Reached skill level 3 in Throwing
  1351 | Ossuary  | Reached skill level 3 in Armour
  1351 | Ossuary  | Reached skill level 3 in Stealth
  1351 | Ossuary  | Reached skill level 3 in Shields
  1351 | Ossuary  | Reached skill level 3 in Evocations
  1373 | Ossuary  | Reached skill level 6 in Spellcasting
  1585 | D:7      | Found a snail-covered altar of Cheibriados.
  1588 | D:7      | Became a worshipper of Cheibriados the Contemplative
  1607 | D:7      | Found a glowing silver altar of Zin.
  1919 | D:6      | Reached skill level 3 in Conjurations
  1919 | D:6      | Reached skill level 3 in Hexes
  1919 | D:6      | Reached skill level 3 in Charms
  1919 | D:6      | Reached skill level 3 in Summonings
  1919 | D:6      | Reached skill level 3 in Necromancy
  1919 | D:6      | Reached skill level 3 in Translocations
  1919 | D:6      | Reached skill level 3 in Fire Magic
  1919 | D:6      | Reached skill level 3 in Ice Magic
  1919 | D:6      | Reached skill level 3 in Air Magic
  1919 | D:6      | Reached skill level 3 in Earth Magic
  1919 | D:6      | Reached skill level 3 in Poison Magic
  1919 | D:6      | Reached skill level 4 in Invocations
  1929 | D:7      | Reached * piety under Cheibriados
  1929 | D:7      | Reached skill level 6 in Dodging
  1929 | D:7      | Reached XP level 9. HP: 59/66 MP: 14/18
  1945 | D:6      | Found a radiant altar of Vehumet.
  1946 | D:6      | Reached skill level 5 in Transmutations
  2124 | D:8      | Found a staircase to the Lair.
  2129 | D:8      | Reached skill level 4 in Short Blades
  2129 | D:8      | Reached skill level 4 in Long Blades
  2129 | D:8      | Reached skill level 4 in Axes
  2129 | D:8      | Reached skill level 4 in Maces & Flails
  2129 | D:8      | Reached skill level 4 in Polearms
  2129 | D:8      | Reached skill level 4 in Staves
  2129 | D:8      | Reached skill level 4 in Slings
  2129 | D:8      | Reached skill level 4 in Bows
  2129 | D:8      | Reached skill level 4 in Crossbows
  2129 | D:8      | Reached skill level 4 in Throwing
  2129 | D:8      | Reached skill level 4 in Armour
  2129 | D:8      | Reached skill level 4 in Stealth
  2129 | D:8      | Reached skill level 4 in Shields
  2129 | D:8      | Reached skill level 4 in Evocations
  2143 | D:8      | Reached skill level 5 in Fighting
  2148 | D:8      | Impaled on a porcupine's spines

Skill      XL: |  1  2  3  4  5  6  7  8  9 |
---------------+----------------------------+-----
Spellcasting   | 5 6 |  6.6
Invocations    | 1 2 3 4 |  4.5
Short Blades   | 1 2 3 4 |  4.1
Long Blades    | 1 2 3 4 |  4.1
Axes           | 1 2 3 4 |  4.1
Maces & Flails | 1 2 3 4 |  4.1
Polearms       | 1 2 3 4 |  4.1
Staves         | 1 2 3 4 |  4.1
Slings         | 1 2 3 4 |  4.1
Bows           | 1 2 3 4 |  4.1
Crossbows      | 1 2 3 4 |  4.1
Throwing       | 1 2 3 4 |  4.1
Armour         | 1 2 3 4 |  4.1
Stealth        | 1 2 3 4 |  4.1
Shields        | 1 2 3 4 |  4.1
Evocations     | 1 2 3 4 |  4.1
Conjurations   | 1 2 3 |  3.4
Hexes          | 1 2 3 |  3.4
Charms         | 1 2 3 |  3.4
Summonings     | 1 2 3 |  3.4
Necromancy     | 1 2 3 |  3.4
Translocations | 1 2 3 |  3.4
Fire Magic     | 1 2 3 |  3.4
Ice Magic      | 1 2 3 |  3.4
Air Magic      | 1 2 3 |  3.4
Earth Magic    | 1 2 3 |  3.4
Poison Magic   | 1 2 3 |  3.4
Fighting       | 3 4 5 |  5.0
Transmutations | 4 5 |  5.2
Dodging        | 5 6 |  6.2
Unarmed Combat | 7 |  7.8

Action                   |  1- 3 |  4- 6 |  7- 9 || total
-------------------------+-------+-------+-------++-------
Melee: Unarmed           |    41 |    81 |   146 ||   268
       Headbutt          |     2 |       |       ||     2
       Bite              |     1 |       |    12 ||    13
       Kick              |     2 |       |       ||     2
       Dagger            |       |       |    11 ||    11
       Flail             |       |       |    34 ||    34
       Punch             |       |       |     1 ||     1
Throw: Javelin           |       |     2 |     2 ||     4
       Stone             |       |       |     1 ||     1
 Cast: Beastly Appendage |     8 |       |       ||     8
       Sticks to Snakes  |     6 |     8 |    11 ||    25
       Spider Form       |     4 |     9 |    10 ||    23
       Blade Hands       |       |       |     8 ||     8
       Ice Form          |       |       |     1 ||     1
 Abil: End Transformatio |       |       |     1 ||     1
  Use: Scroll            |       |     8 |     6 ||    14
 Stab: Sleeping          |     1 |       |    10 ||    11
       Distracted        |       |     2 |     2 ||     4
  Eat: Chunk             |       |     2 |     3 ||     5
       Ration            |       |       |     1 ||     1
Armor: Robe              |     1 |     2 |    20 ||    23
       Skin              |     1 |     2 |     1 ||     4
       Leather armour    |       |       |     1 ||     1
Dodge: Dodged            |    25 |    64 |   142 ||   231

Table legend:
 A = Turns spent in this place as a percentage of turns spent in the entire game.
 B = Non-inter-level travel turns spent in this place as a percentage of non-inter-level travel turns spent in the entire game.
 C = Inter-level travel turns spent in this place as a percentage of turns spent in this place.
 D = Turns resting spent in this place as a percentage of non-inter-level travel turns spent in this place.
 E = Turns spent auto-exploring this place as a percentage of non-inter-level travel turns spent in this place.
 F = Non-inter-level travel turns spent in this place divided by the number of levels of this place that you've seen.
                   A       B       C       D       E      F
               +-------+-------+-------+-------+-------+----------------------
         Total | 100.0 | 100.0 |   0.8 |   0.0 |   0.0 | 236.7
       Dungeon |  87.9 |  87.8 |   1.0 |   0.0 |   0.0 | 233.8
       Ossuary |  12.1 |  12.2 |   0.0 |   0.0 |   0.0 | 260.0
               +-------+-------+-------+-------+-------+----------------------

Table legend:
 A = Kills in this place as a percentage of kills in entire the game.
 B = Kills by you in this place as a percentage of kills by you in the entire game.
 C = Kills by friends in this place as a percentage of kills by friends in the entire game.
 D = Other kills in this place as a percentage of other kills in the entire game.
 E = Experience gained in this place as a percentage of experience gained in the entire game.
 F = Experience gained in this place divided by the number of levels of this place that you have seen.
                   A       B       C       D       E      F
               +-------+-------+-------+-------+-------+----------------------
         Total | 100.0 | 100.0 | 100.0 |   N/A | 100.0 | 368.0
       Dungeon |  72.7 |  70.9 | 100.0 |   N/A |  76.1 | 314.9
       Ossuary |  27.3 |  29.1 |   0.0 |   N/A |  23.9 | 793.0
               +-------+-------+-------+-------+-------+----------------------

Vault maps used:
D:1:      minmay_arrival_three_doors
D:2:      uniq_robin
D:3:      lemuel_crystal_altar
D:4:      old_standard_altar, serial_shops, shop, uniq_menkaure, uniq_pikel
D:5:      overflow_temple_1_default, nicolae_qazlal_general_emergency,
          chequers_ossuary_entry_cave, first_ration, uniq_edmund, uniq_grinder
D:6:      fiery_altar_vehumet
D:7:      kiku_gazebo_pond_becter, old_standard_altar, kennysheep_mini,
          temple_statues
D:8:      due_lair_maze_entry_diamond, serial_shops, shop, uniq_joseph
Ossuary:  ossuary_tomb_2
